 Dungeon Crawl Stone Soup version 0.30-a0-359-gd0147acb1a (webtiles) character file.

Game seed: 1723601926995583233

63 gamesnag the Ducker (level 3, 0/17 HPs)
             Began as a Felid Berserker on Nov 11, 2022.
             Was a Follower of Trog.
             Slain by an ogre
             ... wielding a +0 giant club
              (17 damage)
             ... on level 4 of the Dungeon.
             The game lasted 00:17:55 (3669 turns).

gamesnag the Ducker (Felid Berserker)               Turns: 3669, Time: 00:17:56

Health: 0/17       AC:  1    Str: 21    XL:     3   Next: 87%
Magic:  4/4        EV: 20    Int:  8    God:    Trog [*.....]
Gold:   157        SH:  0    Dex: 21    Spells: 2/2 levels left
                                        Lives:  0   Deaths: 0

rFire   . . .      SeeInvis +      - Unarmed
rCold   . . .      Faith    .    (shield unavailable)
rNeg    . . .      Spirit   .    (body armour unavailable)
rPois   .          Reflect  .    (helmet unavailable)
rElec   .          Harm     .    (cloak unavailable)
rCorr   .          Rampage  .    (gloves unavailable)
Will    .....                    (boots unavailable)
Stlth   ++........               (no amulet)
HPRegen 0.22/turn                p - +6 ring of strength
MPRegen 0.09/turn                m - +6 ring of dexterity

@: quick
A: very small, claws 1, fangs 3, see invisible, speed 1, shaggy fur 1, stealthy
paws, no weapons or thrown items, no armour, multi-lived
a: Renounce Religion, Berserk


You were on level 4 of the Dungeon.
You worshipped Trog.
Trog was aware of your devotion.
You visited 1 branch of the dungeon, and saw 4 of its levels.

You collected 157 gold pieces.

Inventory:

Jewellery
 l - a ring of see invisible
 m - a +6 ring of dexterity (right paw)
 n - a ring of ice
 p - a +6 ring of strength (left paw)
Scrolls
 e - 3 scrolls of butterflies {unknown}
 f - a scroll of brand weapon {unknown}
 i - a scroll of enchant weapon {unknown}
 k - a scroll of identify {unknown}
 q - a scroll of teleportation {unknown}
 r - a scroll of noise {unknown}
Potions
 a - 2 potions of ambrosia {unknown}
 b - a potion of brilliance {unknown}
 c - 4 potions of heal wounds {unknown}
 d - a potion of degeneration {unknown}
 g - a potion of lignification {unknown}
 h - 2 potions of invisibility {unknown}
 j - a potion of might {unknown}
 o - 2 potions of curing {unknown}


   Skills:
 + Level 3.4 Fighting
 + Level 5.2 Dodging
 + Level 1.0 Stealth
 + Level 3.5 Unarmed Combat


You had 2 spell levels left.
You didn't know any spells.
Your spell library contained the following spells:

 Spells                   Type           Power      Damage    Failure   Level
 Necrotise                Necr           0%         1d4       41%         1
 Sandblast                Erth           0%         2d4       41%         1
 Shock                    Conj/Air       0%         1d3       41%         1
 Passwall                 Tmut/Erth      0%         N/A       54%         2
 Stone Arrow              Conj/Erth      0%         3d7       78%         3
 Swiftness                Air            0%         N/A       78%         3
 Vampiric Draining        Necr           0%         2d6       78%         3
 Airstrike                Air            0%         2d(0-16)  99%         4
 Agony                    Necr           0%         N/A       100%        5


Dungeon Overview and Level Annotations

Branches:
Dungeon (4/15)
 Temple: D:4-7

Altars:
Trog

Shops:
D:1 [


Innate Abilities, Weirdness & Mutations

You have sharp claws.
You have razor-sharp teeth.
You have supernaturally acute eyesight. (SInv)
You cover ground quickly. (Speed+)
You are covered in fur. (AC +1)
Your paws help you pounce on unaware monsters.
You are incapable of wielding weapons or throwing items.
You cannot wear armour.
You gain extra lives every three experience levels.


Message History

There is a stone staircase leading up here.
You open the door.
There is an open door here.
You open the door.
There is an open door here.
There is an open door here.
Things that are here:
a +0 flail; an orc skeleton
Things that are here:
a +0 club; an orc skeleton Done exploring.
(D) Dungeon
Where to? (Enter - D:3, ? - help)
What level of the Dungeon? (default 1, ? - help)
There is an open door here.
There is an open door here.
There is an open door here.
There is a stone staircase leading down here.
You climb downwards.
You hear the sound of rushing water.
There is an entrance to a sewer on this level.
Hurry and find it before the portal rusts away!
There is a stone staircase leading up here.
Found 5 gold pieces.
Found a chain mail.
You now have 157 gold pieces (gained 5).
You see here a +0 chain mail.
An ogre comes into view. It is wielding a +0 giant club.
You open the door.
Found 18 gold pieces.
There is an open door here.
You scratch the ogre.
The ogre is lightly wounded.
You scratch the ogre.
The ogre is lightly wounded.
The ogre barely misses you.
You closely miss the ogre. Your bite misses the ogre.
The ogre is lightly wounded.
The ogre hits you with a +0 giant club!
Ouch! That really hurt!
You die...

... # ... #. #.#
#+## .#### #.#
#...# .O.# #.#
#..... #
##.###.##..$...
#.##...##.#.......
#.......O@'.......
####...####.......
##.## #...... #.#
#..... #.# #...#
#.# #+## ##.## .#
####...### ###.###
#........# #......


You could see an ogre.

Vanquished Creatures
  An adder (D:3)
  A dart slug (D:3)
  4 orcs (D:3)
  4 endoplasms
  4 goblins
  9 hobgoblins
  5 kobolds
  A quokka (D:2)
  4 ball pythons
  6 bats
  2 frilled lizards (D:3)
41 creatures vanquished.

Notes
Turn   | Place    | Note
-------+----------+-------------------------------------------
     0 | D:1      | gamesnag the Felid Berserker began the quest for the Orb.
     0 | D:1      | Reached XP level 1. HP: 10/10 MP: 2/2
   466 | D:1      | Found Kuepn's Armour Shop.
   479 | D:1      | Reached XP level 2. HP: 11/14 MP: 3/3
   764 | D:1      | Found a faded altar of an unknown god.
   768 | D:1      | Prayed at the altar of an unknown god.
  2826 | D:3      | Reached XP level 3. HP: 12/17 MP: 4/4
  2954 | D:3      | Reached skill level 5 in Dodging
  3303 | D:3      | Reached skill level 1 in Stealth
  3661 | D:4      | Noticed an ogre
  3669 | D:4      | Slain by an ogre

Illustrated notes

Levels and vault maps discovered:
D:1:      elethiomel_arrival_infinity_welcomes_careful_drivers,
          layout_loops_corners, serial_shops, shop, basic_ecumenical_altar
D:2:      layout_basic, nicolae_hexahallways
D:3:      layout_basic, kennysheep_nondescript
D:4:      layout_loops_corners, cheibrodos_sewer_entry_drain

Skill      XL: |  1  2  3 |
---------------+----------+-----
Dodging        | 5 |  5.2
Stealth        | 1 |  1.0
Fighting       | |  3.4
Unarmed Combat | |  3.5

Action                   || total
-------------------------++-------
Melee: Unarmed           ||   142
       Bite              ||     9
       Punch             ||     2
Armor: Skin              ||     7
Dodge: Dodged            ||   167

Table legend: (Time is in decaauts)
 A = Elapsed time spent in this place.
 B = Non-inter-level travel time spent in this place.
 C = Inter-level travel time spent in this place.
 D = Time resting spent in this place.
 E = Time spent auto-exploring this place.
 F = Levels seen in this place.
 G = Mean time per level.
                   A        B        C        D        E       F      G
               +--------+--------+--------+--------+--------+-----+--------+
         Total |   3040 |   2961 |     79 |    324 |   1091 |   4 |  760.0 |
       Dungeon |   3040 |   2961 |     79 |    324 |   1091 |   4 |  760.0 |
               +--------+--------+--------+--------+--------+-----+--------+

Top non-repeatable levels by time:
     D:2: 1210 daAuts
     D:1: 1113 daAuts
     D:3: 675 daAuts
     D:4: 40 daAuts
